| TOP OF THE 1ST |
|
Milwaukee (WIN) Brewers batting - Pitching for Chicago (WIN) White Sox : LHP Jon Zaragoza
|
|
Pitching: LHP Jon Zaragoza
|
|
|
Batting: LHB Alfredo de la Cruz
|
0-0: Fly out, F7 (Line Drive, 7LM, EV 93.8 MPH)
|
|
Batting: LHB Gabe Harvey
|
0-0: Ball 1-0: Fly out, F8 (Flyball, 8LD, EV 93.8 MPH)
|
|
Batting: RHB Adrian Rudkilde
|
0-0: Fly out, F9 (Flyball, 9, EV 92.5 MPH)
|
| Top of the 1st over - 0 runs, 0 hits, 0 errors, 0 left on base; Milwaukee (WIN) 0 - Chicago (WIN) 0 |
| BOTTOM OF THE 1ST |
|
Chicago (WIN) White Sox batting - Pitching for Milwaukee (WIN) Brewers : LHP Nolan Stefanski
|
|
Pitching: LHP Nolan Stefanski
|
|
|
Batting: LHB John Thurman
|
0-0: Ball 1-0: Ground out U3 (Groundball, 34S, EV 86.2 MPH)
|
|
Batting: LHB Hirakito Herring
|
0-0: Called Strike 0-1: Ground out U3 (Groundball, 3, EV 86.9 MPH)
|
|
Batting: RHB Brad Boals
|
0-0: Ball 1-0: Called Strike 1-1: Foul Ball, location: 2F 1-2: Foul Ball, location: 2F 1-2: SINGLE (Flyball, 34D, EV 90.0 MPH)
|
|
Batting: RHB Jason Moss
|
0-0: Ball 1-0: Called Strike 1-1: Foul Ball, location: 2F 1-2: Foul Ball, location: 2F 1-2: Ball 2-2: Ball 3-2: Strikes out looking
|
| Bottom of the 1st over - 0 runs, 1 hit, 0 errors, 1 left on base; Milwaukee (WIN) 0 - Chicago (WIN) 0 |
| TOP OF THE 2ND |
|
Milwaukee (WIN) Brewers batting - Pitching for Chicago (WIN) White Sox : LHP Jon Zaragoza
|
|
Batting: RHB Nick Cummings
|
0-0: Ball 1-0: Called Strike 1-1: Ground out 6-3 (Groundball, 6, EV 101.9 MPH)
|
|
Batting: LHB Adam Hill
|
0-0: Ball 1-0: Swinging Strike 1-1: Called Strike 1-2: Ground out 1-3 (Groundball, P, EV 72.5 MPH)
|
|
Batting: RHB Ben Taylor
|
0-0: Ball 1-0: Ball 2-0: Called Strike 2-1: Foul Ball, location: 2F 2-2: SINGLE (Groundball, 6D, EV 106.9 MPH)
|
|
Batting: RHB Vinny Estrada
|
0-0: Called Strike 0-1: Foul Ball, location: 2F 0-2: SINGLE (Groundball, P, EV 86.2 MPH) (infield hit) Ben Taylor to second
|
|
Batting: RHB Mike Ball
|
0-0: Ball 1-0: Fielders Choice at 2nd, 6-4 (Groundball, 56, EV 78.8 MPH)
|
| Top of the 2nd over - 0 runs, 2 hits, 0 errors, 2 left on base; Milwaukee (WIN) 0 - Chicago (WIN) 0 |
| BOTTOM OF THE 2ND |
|
Chicago (WIN) White Sox batting - Pitching for Milwaukee (WIN) Brewers : LHP Nolan Stefanski
|
|
Batting: LHB Angel Tellez
|
0-0: Swinging Strike 0-1: Called Strike 0-2: Hit by Pitch
|
|
Batting: RHB Jose Medina
|
0-0: Ball 1-0: Foul Ball, location: 2F 1-1: Ball 2-1: Ball 3-1: Swinging Strike 3-2: Strikes out swinging
|
|
Batting: LHB Ryan Dyal
|
0-0: Ball 1-0: Called Strike 1-1: Foul Ball, location: 2F 1-2: Foul Ball, location: 2F 1-2: Strikes out swinging
|
|
Batting: LHB Dustin Taylor
|
0-0: Ball Angel Tellez is caught stealing 2nd base 2-6
|
| Bottom of the 2nd over - 0 runs, 0 hits, 0 errors, 0 left on base; Milwaukee (WIN) 0 - Chicago (WIN) 0 |
| TOP OF THE 3RD |
|
Milwaukee (WIN) Brewers batting - Pitching for Chicago (WIN) White Sox : LHP Jon Zaragoza
|
|
Batting: SHB Mike Williams
|
0-0: Ground out U3 (Groundball, 3, EV 94.4 MPH)
|
|
Batting: LHB Alfredo de la Cruz
|
0-0: Ball 1-0: Foul Ball, location: 2F 1-1: Ball 2-1: Called Strike 2-2: Ball 3-2: Fly out, F8 (Flyball, 8LXD, EV 81.9 MPH)
|
|
Batting: LHB Gabe Harvey
|
0-0: Ball 1-0: Foul Ball, location: 2F 1-1: Ball 2-1: Ball 3-1: Called Strike 3-2: Foul Ball, location: 2F 3-2: Base on Balls
|
|
Batting: RHB Adrian Rudkilde
|
0-0: Ball 1-0: Ball 2-0: Foul Ball, location: 2F 2-1: Ball 3-1: Base on Balls Gabe Harvey to second
|
|
Batting: RHB Nick Cummings
|
0-0: Ball 1-0: Fielders Choice at 2nd, 6-4 (Groundball, 6, EV 81.2 MPH)
|
| Top of the 3rd over - 0 runs, 0 hits, 0 errors, 2 left on base; Milwaukee (WIN) 0 - Chicago (WIN) 0 |
| BOTTOM OF THE 3RD |
|
Chicago (WIN) White Sox batting - Pitching for Milwaukee (WIN) Brewers : LHP Nolan Stefanski
|
|
Batting: LHB Dustin Taylor
|
0-0: Swinging Strike 0-1: Ball 1-1: Called Strike 1-2: Strikes out looking
|
|
Batting: LHB Ricardo Pagan
|
0-0: Ground out 4-3 (Groundball, 4M, EV 106.2 MPH)
|
|
Batting: LHB John Thurman
|
0-0: Ball 1-0: Called Strike 1-1: Swinging Strike 1-2: Fly out, F7 (Line Drive, 7S, EV 95.0 MPH)
|
| Bottom of the 3rd over - 0 runs, 0 hits, 0 errors, 0 left on base; Milwaukee (WIN) 0 - Chicago (WIN) 0 |
| TOP OF THE 4TH |
|
Milwaukee (WIN) Brewers batting - Pitching for Chicago (WIN) White Sox : LHP Jon Zaragoza
|
|
Batting: LHB Adam Hill
|
0-0: Called Strike 0-1: Ground out 4-3 (Groundball, 4, EV 98.8 MPH)
|
|
Batting: RHB Ben Taylor
|
0-0: Fly out, F8 (Flyball, 89M, EV 86.2 MPH)
|
|
Batting: RHB Vinny Estrada
|
0-0: Ball 1-0: Swinging Strike 1-1: Ground out 4-3 (Groundball, 4, EV 85.0 MPH)
|
| Top of the 4th over - 0 runs, 0 hits, 0 errors, 0 left on base; Milwaukee (WIN) 0 - Chicago (WIN) 0 |
| BOTTOM OF THE 4TH |
|
Chicago (WIN) White Sox batting - Pitching for Milwaukee (WIN) Brewers : LHP Nolan Stefanski
|
|
Batting: LHB Hirakito Herring
|
0-0: Foul Ball, location: 2F 0-1: Ball 1-1: Swinging Strike 1-2: Ball 2-2: Ball 3-2: Foul Ball, location: 2F 3-2: SINGLE (Line Drive, 78S, EV 109.4 MPH)
|
|
Batting: RHB Brad Boals
|
0-0: Foul Ball, location: 2F 0-1: Called Strike 0-2: SINGLE (Groundball, 56D, EV 95.0 MPH) Hirakito Herring to second
|
|
Batting: RHB Jason Moss
|
0-0: Called Strike 0-1: Foul Ball, location: 2F 0-2: Ball 1-2: Grounds into double play, 4-6-3 (Groundball, 34D, EV 100.0 MPH) Hirakito Herring to third
|
|
Batting: LHB Angel Tellez
|
0-0: Called Strike 0-1: Ball 1-1: Called Strike 1-2: Ball 2-2: Strikes out swinging, 2-3 out at first.
|
| Bottom of the 4th over - 0 runs, 2 hits, 0 errors, 1 left on base; Milwaukee (WIN) 0 - Chicago (WIN) 0 |
| TOP OF THE 5TH |
|
Milwaukee (WIN) Brewers batting - Pitching for Chicago (WIN) White Sox : LHP Jon Zaragoza
|
|
Batting: RHB Mike Ball
|
0-0: Ball 1-0: Ground out U3 (Groundball, 23, EV 87.5 MPH)
|
|
Batting: SHB Mike Williams
|
0-0: Fly out, F9 (Line Drive, 89M, EV 96.2 MPH)
|
|
Batting: LHB Alfredo de la Cruz
|
0-0: Called Strike 0-1: Ball 1-1: Foul Ball, location: 2F 1-2: Fly out, F2 (Popup, 25F, EV 78.8 MPH)
|
| Top of the 5th over - 0 runs, 0 hits, 0 errors, 0 left on base; Milwaukee (WIN) 0 - Chicago (WIN) 0 |
| BOTTOM OF THE 5TH |
|
Chicago (WIN) White Sox batting - Pitching for Milwaukee (WIN) Brewers : LHP Nolan Stefanski
|
|
Batting: RHB Jose Medina
|
0-0: Called Strike 0-1: Ground out 4-3 (Groundball, 34D, EV 83.8 MPH)
|
|
Batting: LHB Ryan Dyal
|
0-0: Called Strike 0-1: Called Strike 0-2: Foul Ball, location: 2F 0-2: Fly out, F9 (Flyball, 9LS, EV 83.8 MPH)
|
|
Batting: LHB Dustin Taylor
|
0-0: Ball 1-0: Ball 2-0: Called Strike 2-1: Foul Ball, location: 2F 2-2: Ball 3-2: Strikes out looking
|
| Bottom of the 5th over - 0 runs, 0 hits, 0 errors, 0 left on base; Milwaukee (WIN) 0 - Chicago (WIN) 0 |
| TOP OF THE 6TH |
|
Milwaukee (WIN) Brewers batting - Pitching for Chicago (WIN) White Sox : LHP Jon Zaragoza
|
|
Batting: LHB Gabe Harvey
|
0-0: Called Strike 0-1: SOLO HOME RUN (Flyball, 89XD, EV 104.4 MPH), Distance : 420 ft
|
|
Batting: RHB Adrian Rudkilde
|
0-0: Ball 1-0: Ground out 6-3 (Groundball, 6, EV 106.9 MPH)
|
|
Batting: RHB Nick Cummings
|
0-0: Foul Ball, location: 2F 0-1: DOUBLE (Line Drive, 5D, EV 105.6 MPH)
|
|
Batting: LHB Adam Hill
|
0-0: Ball 1-0: Ball 2-0: DOUBLE (Line Drive, 8LXD, EV 105.6 MPH) Nick Cummings scores
|
|
Batting: RHB Ben Taylor
|
0-0: Called Strike 0-1: SINGLE (Groundball, 34D, EV 107.5 MPH) Adam Hill to third Throwing error, E9 Adam Hill scores Ben Taylor to second
|
|
Batting: RHB Vinny Estrada
|
0-0: DOUBLE (Line Drive, 78D, EV 100.6 MPH) Ben Taylor scores
|
|
Batting: RHB Mike Ball
|
0-0: Ball 1-0: Called Strike 1-1: Ball 2-1: Ball 3-1: Base on Balls
|
|
Batting: SHB Mike Williams
|
0-0: Ball Vinny Estrada steals 3rd base Mike Ball to second 1-0: Called Strike 1-1: SINGLE (Line Drive, 34, EV 103.8 MPH) Vinny Estrada scores Mike Ball to third
|
|
Pitching: LHP David Schultz
|
|
|
Batting: LHB Alfredo de la Cruz
|
0-0: Ball 1-0: Ball 2-0: Ball 3-0: Called Strike 3-1: Base on Balls Mike Williams to second
|
|
Batting: LHB Gabe Harvey
|
0-0: Ball 1-0: Grounds into double play, 6-4-3 (Groundball, 6, EV 90.6 MPH)
|
| Top of the 6th over - 5 runs, 6 hits, 1 error, 2 left on base; Milwaukee (WIN) 5 - Chicago (WIN) 0 |
| BOTTOM OF THE 6TH |
|
Chicago (WIN) White Sox batting - Pitching for Milwaukee (WIN) Brewers : LHP Nolan Stefanski
|
|
Batting: LHB Ricardo Pagan
|
0-0: Ball 1-0: Ball 2-0: Ball 3-0: Called Strike 3-1: Foul Ball, location: 2F 3-2: Ground out U3 (Groundball, 3, EV 93.8 MPH)
|
|
Batting: LHB John Thurman
|
0-0: Called Strike 0-1: Foul Ball, location: 2F 0-2: SINGLE (Line Drive, 9S, EV 96.9 MPH)
|
|
Batting: LHB Hirakito Herring
|
0-0: Ball 1-0: Ball 2-0: SINGLE (Groundball, 6MD, EV 96.9 MPH) John Thurman to second
|
|
Batting: RHB Brad Boals
|
0-0: Called Strike 0-1: Called Strike 0-2: Ball 1-2: Ball 2-2: Ball 3-2: Grounds into double play, 6-4-3 (Groundball, 6, EV 86.2 MPH)
|
| Bottom of the 6th over - 0 runs, 2 hits, 0 errors, 1 left on base; Milwaukee (WIN) 5 - Chicago (WIN) 0 |
| TOP OF THE 7TH |
|
Milwaukee (WIN) Brewers batting - Pitching for Chicago (WIN) White Sox : LHP David Schultz
|
|
Batting: RHB Adrian Rudkilde
|
0-0: Ball 1-0: Ball 2-0: Called Strike 2-1: Foul Ball, location: 2F 2-2: Strikes out swinging
|
|
Batting: RHB Nick Cummings
|
0-0: Ball 1-0: Called Strike 1-1: Ball 2-1: Fly out, F4 (Line Drive, 4M, EV 70.0 MPH)
|
|
Batting: LHB Adam Hill
|
0-0: Fly out, F6 (Popup, 6M, EV 57.5 MPH)
|
| Top of the 7th over - 0 runs, 0 hits, 0 errors, 0 left on base; Milwaukee (WIN) 5 - Chicago (WIN) 0 |
| BOTTOM OF THE 7TH |
|
Chicago (WIN) White Sox batting - Pitching for Milwaukee (WIN) Brewers : LHP Nolan Stefanski
|
|
Batting: RHB Jason Moss
|
0-0: Ball 1-0: Called Strike 1-1: Ball 2-1: Called Strike 2-2: Ground out 4-3 (Groundball, 4M, EV 81.9 MPH)
|
|
Batting: LHB Angel Tellez
|
0-0: Called Strike 0-1: SINGLE (Groundball, 6S, EV 67.5 MPH) (infield hit)
|
|
Pitching: LHP Billy Rojas
|
|
|
Batting: RHB Jose Medina
|
0-0: SINGLE (Flyball, 78S, EV 93.8 MPH) Angel Tellez to second Runner from 2nd tries for 3rd, SAFE, throw by LF made to third
|
|
Batting: LHB Ryan Dyal
|
0-0: Foul Ball, location: 2F 0-1: Ball Jose Medina is caught stealing 2nd base 2-6 1-1: Ball 2-1: Called Strike 2-2: Fly out, F8 (Flyball, 8RD, EV 101.2 MPH)
|
| Bottom of the 7th over - 0 runs, 2 hits, 0 errors, 1 left on base; Milwaukee (WIN) 5 - Chicago (WIN) 0 |
| TOP OF THE 8TH |
|
Milwaukee (WIN) Brewers batting - Pitching for Chicago (WIN) White Sox : LHP David Schultz
|
|
Batting: RHB Ben Taylor
|
0-0: Foul Ball, location: 2F 0-1: Ball 1-1: Swinging Strike 1-2: Strikes out looking
|
|
Batting: RHB Vinny Estrada
|
0-0: Called Strike 0-1: Ball 1-1: Ball 2-1: DOUBLE (Line Drive, 9LM, EV 105.6 MPH)
|
|
Batting: RHB Mike Ball
|
0-0: Ball 1-0: Foul Ball, location: 2F 1-1: Foul Ball, location: 2F 1-2: Strikes out swinging
|
|
Pitching: RHP Tommy Benedict
|
|
|
Batting: SHB Mike Williams
|
0-0: Called Strike 0-1: Foul Ball, location: 2F 0-2: Ball 1-2: Foul Ball, location: 2F 1-2: Ground out 1-3 (Groundball, 13S, EV 66.2 MPH)
|
| Top of the 8th over - 0 runs, 1 hit, 0 errors, 1 left on base; Milwaukee (WIN) 5 - Chicago (WIN) 0 |
| BOTTOM OF THE 8TH |
|
Chicago (WIN) White Sox batting - Pitching for Milwaukee (WIN) Brewers : LHP Billy Rojas
|
|
Batting: LHB Dustin Taylor
|
0-0: Called Strike 0-1: Foul Ball, location: 2F 0-2: Ball 1-2: Foul Ball, location: 2F 1-2: SINGLE (Line Drive, 6MD, EV 106.9 MPH)
|
|
Batting: LHB Ricardo Pagan
|
0-0: Foul Ball, location: 2F 0-1: Ball Passed Ball! Dustin Taylor to second 1-1: Called Strike 1-2: Strikes out swinging
|
|
Batting: LHB John Thurman
|
0-0: Foul Ball, location: 2F 0-1: Foul Ball, location: 2F 0-2: Foul Ball, location: 2F 0-2: Ball 1-2: Ground out 3-1 (Groundball, 34, EV 92.5 MPH) Dustin Taylor to third
|
|
Batting: LHB Hirakito Herring
|
0-0: Swinging Strike 0-1: Ball 1-1: Ball 2-1: Ground out 4-3 (Groundball, 4, EV 82.5 MPH)
|
| Bottom of the 8th over - 0 runs, 1 hit, 0 errors, 1 left on base; Milwaukee (WIN) 5 - Chicago (WIN) 0 |
| TOP OF THE 9TH |
|
Milwaukee (WIN) Brewers batting - Pitching for Chicago (WIN) White Sox : RHP Tommy Benedict
|
|
Batting: LHB Alfredo de la Cruz
|
0-0: Called Strike 0-1: Fly out, F6 (Popup, P, EV 80.0 MPH)
|
|
Batting: LHB Gabe Harvey
|
0-0: Called Strike 0-1: Foul Ball, location: 2F 0-2: Foul Ball, location: 2F 0-2: Foul Ball, location: 2F 0-2: Ball 1-2: Foul Ball, location: 2F 1-2: SOLO HOME RUN (Flyball, 9D, EV 97.5 MPH), Distance : 375 ft
|
|
Batting: RHB Adrian Rudkilde
|
0-0: Called Strike 0-1: Called Strike 0-2: Strikes out swinging
|
|
Batting: RHB Nick Cummings
|
0-0: Swinging Strike 0-1: Called Strike 0-2: Strikes out looking
|
| Top of the 9th over - 1 run, 1 hit, 0 errors, 0 left on base; Milwaukee (WIN) 6 - Chicago (WIN) 0 |
| BOTTOM OF THE 9TH |
|
Chicago (WIN) White Sox batting - Pitching for Milwaukee (WIN) Brewers : LHP Billy Rojas
|
|
Batting: RHB Brad Boals
|
0-0: Ball 1-0: Ball 2-0: Ball 3-0: Called Strike 3-1: Called Strike 3-2: Base on Balls
|
|
Batting: RHB Jason Moss
|
0-0: Ball 1-0: Called Strike 1-1: Ball 2-1: Ball 3-1: Foul Ball, location: 2F 3-2: Strikes out looking Brad Boals is caught stealing 2nd base 2-4 Batter strikes out.
|
|
Batting: LHB Angel Tellez
|
0-0: Called Strike 0-1: Ball 1-1: Foul Ball, location: 2F 1-2: Foul Ball, location: 2F 1-2: Ball 2-2: Foul Ball, location: 2F 2-2: Fly out, F9 (Flyball, 9, EV 96.2 MPH)
|
| Bottom of the 9th over - 0 runs, 0 hits, 0 errors, 0 left on base; Milwaukee (WIN) 6 - Chicago (WIN) 0 |
|